 Dungeon Sprint DCSS version 0.17-a0-1636-g3119f2b (webtiles) character file.

897 Kidiri the Covert (level 7, -3/32 HPs)
             Began as a Spriggan Enchanter on Aug 5, 2015.
             Slain by a kraken (35 damage)
             ... in the Dungeon (Sprint II: "The Violet Keep of Menkaure").
             The game lasted 00:02:58 (713 turns).

Kidiri the Covert (Spriggan Enchanter)               Turns: 713, Time: 00:02:58

Health: -3/32      AC:  3    Str:  4    XL:     7   Next: 79%
Magic:  21/21      EV: 28    Int: 17    God:
Gold:   972        SH:  0    Dex: 18    Spells: 5 memorised, 14 levels left

rFire  . . .     SeeInvis +     a - +1 dagger
rCold  . . .     Clarity  .     b - +1 robe
rNeg   . . .     SustAt   .     (shield restricted)
rPois  .         Gourm    .     (helmet restricted)
rElec  .         Spirit   .     (no cloak)
rCorr  .         Warding  .     (gloves unavailable)
rMut   .         NoTele   +     (boots unavailable)
MR     +....                    (no amulet)
Stlth  ++++++....               (no ring)
                                (no ring)

@: very quick, somewhat resistant to hostile enchantments, very stealthy
A: unfitting armour, see invisible, herbivore 3, speed 3, slow metabolism 2
a: no special abilities


You were in the Dungeon.
You were not hungry.

You visited 1 branch You collected 972 gold pieces.

Inventory:

Hand weapons
 a - a +1 dagger (weapon)
Armour
 b - a +1 robe (worn)
Scrolls
 j - a scroll of blinking
Potions
 e - a potion of curing
 f - a potion of heal wounds
 g - a potion of haste
 h - a potion of magic
 i - a potion of berserk rage
Books
 c - a book of Maledictions

   Spells                             Type                      Level
   a - Corona                         Hexes                        1
   b - Ensorcelled Hibernation        Hexes/Ice                    2
   c - Confuse                        Hexes                        3
   d - Tukima's Dance                 Hexes                        3
   e - Dazzling Spray                 Conjuration/Hexes            3
Comestibles
 d - a bread ration


   Skills:
 + Level 6.3 Short Blades
 * Level 11.7 Dodging
 * Level 12.9 Stealth
 * Level 10.1 Spellcasting
 + Level 2.6 Conjurations
 + Level 7.8 Hexes
 + Level 2.9 Ice Magic


You had 14 spell levels left.
You knew the following spells:

 Your Spells              Type           Power        Failure   Level  Hunger
a - Corona                Hex            #####..      1%          1    None
b - Ensorcelled Hibernat  Hex/Ice        ####..       1%          2    None
c - Confuse               Hex            #####...     1%          3    None
d - Tukima's Dance        Hex            #####...     1%          3    None
e - Dazzling Spray        Conj/Hex       ####....     3%          3    None


Dungeon Overview and Level Annotations

Branches:
Dungeon (1/1)

Altars:

Shops:
D *=


Innate Abilities, Weirdness & Mutations

You are tiny and cannot use many weapons and most armour.
You have supernaturally acute eyesight.
You are a herbivore.
You cover ground extremely quickly.
You need consume almost no food.


Message History

You start resting.
Magic restored.
You start resting.
You start resting.
HP restored.
You start waiting.
Done waiting.
There is an open door here.
There is a staircase leading out of the dungeon here.
There is an open door here.
You now have 972 gold pieces (gained 243).
There is an open door here.
There is a staircase leading out of the dungeon here.
There is an open door here.
You open the door.
There is an open door here.
A kraken comes into view.
The kraken bites you!!
Ouch! That really hurt!
You die...

+#### ≈§≈§≈≈§##
§§§§≈§§##
≈§§§§§≈§#
§§≈§S§ # ≈≈≈S
###≈≈#+++#+++##
##≈≈≈..@......#
.#≈≈≈≈X##'##..#
∩#≈≈≈≈##..###
.#≈≈≈≈#..##.#
∩#≈≈####.#.####
.#≈##.###'###.#
.#≈#...##.##..#
.+
+.#.'.<.'.##+
#.).##.##.#.#


You could see a kraken and 2 lava snakes.

Vanquished Creatures
  A siren (D)
  A boulder beetle (D)
  4 brain worms (D)
  3 worms (D)
9 creatures vanquished.

Vanquished Creatures (others)
  A boulder beetle (D)
1 creature vanquished.

Grand Total: 10 creatures vanquished

Notes
Turn   | Place    | Note
--------------------------------------------------------------
     0 | D        | Kidiri the Spriggan Enchanter began the quest for the Orb.
     0 | D        | Reached XP level 1. HP: 9/9 MP: 5/5
     1 | D        | Noticed a boulder beetle
     1 | D        | Noticed a boulder beetle
     5 | D        | Noticed a brain worm
     5 | D        | Noticed a brain worm
     5 | D        | Noticed a brain worm
     5 | D        | Noticed a brain worm
    13 | D        | Noticed a siren
    20 | D        | Killed a brain worm
    20 | D        | Reached skill level 6 in Dodging
    20 | D        | Reached skill level 7 in Stealth
    20 | D        | Reached skill level 5 in Spellcasting
    20 | D        | Reached XP level 2. HP: 13/13 MP: 6/9
    20 | D        | Reached XP level 3. HP: 16/16 MP: 6/10
    22 | D        | Killed a brain worm
    22 | D        | Reached skill level 9 in Stealth
    22 | D        | Reached skill level 5 in Hexes
    22 | D        | Reached XP level 4. HP: 21/21 MP: 6/13
    36 | D        | Killed a brain worm
    36 | D        | Reached XP level 5. HP: 20/24 MP: 7/15
    53 | D        | Killed a brain worm
    53 | D        | Reached skill level 10 in Stealth
    57 | D        | Learned a level 2 spell: Ensorcelled Hibernation
    61 | D        | Learned a level 3 spell: Confuse
    65 | D        | Learned a level 3 spell: Tukima's Dance
    69 | D        | Learned a level 3 spell: Dazzling Spray
   112 | D        | Reached XP level 6. HP: 28/28 MP: 5/17
   292 | D        | Killed a siren
   292 | D        | Reached skill level 5 in Short Blades
   292 | D        | Reached skill level 10 in Dodging
   292 | D        | Reached skill level 12 in Stealth
   292 | D        | Reached skill level 1 in Conjurations
   292 | D        | Reached XP level 7. HP: 32/32 MP: 17/20
   313 | D        | Killed a boulder beetle
   344 | D        | Killed a boulder beetle
   344 | D        | Reached skill level 10 in Spellcasting
   712 | D        | Noticed a lava snake
   712 | D        | Noticed a lava snake
   712 | D        | Noticed a kraken
   713 | D        | Found Uclitoda's Assorted Antiques.
   713 | D        | Found Utzeleuc's Jewellery Shop.
   713 | D        | Slain by a kraken

Vault maps used:
D:        the_violet_keep_of_menkaure

Action                   |  1- 3 |  4- 6 |  7- 9 || total
-------------------------+-------+-------+-------++-------
Melee: Dagger            |     3 |    32 |     5 ||    40
 Cast: Ensorcelled Hiber |       |     6 |     5 ||    11
       Confuse           |       |       |     5 ||     5
       Dazzling Spray    |       |       |     5 ||     5
  Use: Potion            |       |       |     1 ||     1
 Stab: Sleeping          |     2 |     4 |     2 ||     8
       Invisible         |       |       |     1 ||     1
